 Dungeon Crawl Stone Soup version 0.26-a0-712-ga5a9c9c9d0 (webtiles) character file.

Game seed: 6508410615345970317

13823 Azzok the Severer (level 11, -1/75 HPs)
             Began as a Demonspawn Berserker on Nov 7, 2020.
             Was a High Priest of Trog.
             Slain by an ice devil (13 damage)
             ... summoned by an orc sorcerer
             ... on level 2 of the Orcish Mines.
             The game lasted 00:19:06 (14276 turns).

Azzok the Severer (Demonspawn Berserker)           Turns: 14276, Time: 00:19:06

Health: -1/75      AC: 14    Str: 20    XL:     11   Next: 80%
Magic:  0/11       EV:  6    Int:  9    God:    Trog [*****.]
Gold:   764        SH: 10    Dex: 19    Spells: 10/10 levels left

rFire    . . .     SeeInvis .   I - +0 war axe (venom)
rCold    . . .     Faith    .   n - +0 buckler
rNeg     . . .     Spirit   +   P - +0 plate armour
rPois    .         Reflect  .   (no helmet)
rElec    .         Harm     .   c - +0 cloak
rCorr    .         Rampage  .   k - +0 pair of gloves
MR       +....                  B - +0 pair of boots
Stlth    ..........             (no amulet)
HPRegen  0.22/turn              A - +6 ring of dexterity
MPRegen  0.24/turn              y - ring of protection from magic

@: no status effects
A: hooves 1, large bone plates 1, magic shield, magic regeneration
a: Berserk, Trog's Hand, Brothers in Arms, Renounce Religion


You were on level 2 of the Orcish Mines.
You worshipped Trog.
Trog was extremely pleased with you.
You visited 2 branches of the dungeon, and saw 13 of its levels.

You collected 1019 gold pieces.
You spent 255 gold pieces at shops.

Inventory:

Hand Weapons
 m - the +2 flail of Kaez {freeze, MR+ Str+8}
   (You found it on level 7 of the Dungeon)

   It has been specially enchanted to freeze those struck by it, causing extra
   injury to most foes and up to half again as much damage against particularly
   susceptible opponents.
   It can also slow down cold-blooded creatures.
   It affects your strength (+8).
   It affects your resistance to hostile enchantments.
 I - a +0 war axe of venom (weapon)
Missiles
 N - 3 throwing nets (quivered)
Armour
 c - a +0 cloak (worn)
 k - a +0 pair of gloves (worn)
 n - a +0 buckler (worn)
 B - a +0 pair of boots (worn)
 P - a +0 plate armour (worn)
Jewellery
 f - an uncursed ring of ice
 u - an uncursed ring of flight
 y - a ring of protection from magic (right hand)
 A - a +6 ring of dexterity (left hand)
Wands
 t - a wand of digging (4)
 E - a wand of acid (9)
 F - a wand of enslavement (1)
 J - a wand of iceblast (3)
 M - a wand of paralysis (11)
Scrolls
 a - a scroll of acquirement {unknown}
 b - 4 scrolls of magic mapping {unknown}
 d - 2 scrolls of noise {unknown}
 g - 11 scrolls of teleportation
 h - 2 scrolls of random uselessness {unknown}
 l - 3 scrolls of remove curse {unknown}
 p - 3 scrolls of amnesia {unknown}
 w - a scroll of enchant weapon {unknown}
 z - 2 scrolls of enchant armour {unknown}
 C - a scroll of vulnerability {unknown}
 D - a scroll of summoning {unknown}
 K - a scroll of identify
 L - a scroll of fear {unknown}
 O - a scroll of fog {unknown}
Potions
 e - a potion of magic {unknown}
 i - 2 potions of stabbing
 j - a potion of haste
 o - 2 potions of heal wounds
 q - 3 potions of invisibility
 r - 3 potions of curing
 s - a potion of mutation {!q}
 x - a potion of ambrosia
 G - 2 potions of brilliance {unknown}
 H - a potion of might


   Skills:
 - Level 3.0 Fighting
 + Level 16.2 Axes
 - Level 1.7 Armour
 - Level 1.7 Dodging
 - Level 4.0 Shields


You had 10 spell levels left.
You didn't know any spells.
Your spell library was empty.

Dungeon Overview and Level Annotations

Branches:
Dungeon (11/15)            Temple (0/1) D:7            Lair (0/6) D:10
    Orc (2/2) D:10
    Elf: Orc:2

Altars:
Kikubaaqudgha
Makhleb
Uskayaw
Jiyva

Shops:
D:6 [(*   D:9 !   D:10 (   Orc:2 (*

Annotations:
D:8 3 runed translucent doors, psellion's ghost, novice OpDe
D:10 2 transporters, kae's ghost, novice OpTm


Innate Abilities, Weirdness & Mutations

You have large cloven feet.
You are partially covered in large bone plates. (SH +4)
When hurt, damage is shared between your health and your magic reserves.
You regenerate magic rapidly.


Message History

The orc sorcerer is severely wounded.
You hit the ice devil but do no damage.
The orc sorcerer gestures at you while chanting.
You resist with almost no effort.
You barely miss the orc sorcerer.
The orc sorcerer is severely wounded.
You closely miss the ice devil. The ice devil hits you.
The ice devil freezes you!
The orc sorcerer gestures at you while chanting.
The bolt of fire hits you!!
* * * LOW HITPOINT WARNING * * *
You hit the orc sorcerer.
The orc sorcerer looks as sick as possible!
The orc sorcerer is severely wounded.
You hit the ice devil but do no damage.
The ice devil is poisoned.
The ice devil hits you!
* * * LOW MAGIC WARNING * * *;
* * * LOW HITPOINT WARNING * * *
The ice devil freezes you!
* * * LOW MAGIC WARNING * * *
You die...

▒·▒▒ ▒ ···▒▒
▒▒▒▒·▒▒▒▒····▒
······▒·····▒▒▒
···········▒▒·▒▒
······▒···▒····▒
······o4······▒▒
·······@·····▒·▒▒
·▒······$···▒···▒·▒
▒··············▒···▒
▒▒·············▒····
▒··················
··················▒
··············▒··▒
·················▒
················▒▒


You could see an ice devil (summoned, very poisoned) and an orc sorcerer
(extremely poisoned).

Vanquished Creatures
  Josephine (D:10)
  Erolcha (D:8)
  Harold (D:10)
  2 centaur warriors (D:8)
  2 orc knights
  An ugly thing (D:8)
  Maggie (D:10)
  Grinder (D:4)
  5 wraiths (D:10)
  A wyvern (D:8)
  6 yaks (D:11)
  Eustachio (D:4)
  4 wargs (Orc:2)
  A black bear (D:6)
  4 ice beasts
  14 orc warriors
  4 phantoms
  An eye of draining (D:11)
  5 ogres
  4 centaurs
  5 bullfrogs
  2 big kobolds
  A water moccasin zombie (D:3)
  2 wyvern skeletons
  5 scorpions
  11 killer bees (D:8)
  A howler monkey (D:6)
  2 bullfrog zombies
  A gnoll shaman (D:6)
  2 jellies
  10 orc priests
  5 hounds
  5 orc wizards
  An iguana (D:7)
  6 worker ants
  A hound zombie (D:3)
  2 hound skeletons
  A howler monkey zombie (D:3)
  5 adders
  12 gnolls
  2 shadow imps
  6 white imps
  4 ufetubi
  An ooze (D:4)
  An adder zombie (D:7)
  3 adder skeletons
  6 dart slugs
  5 leopard geckos
  39 orcs
  8 bats
  5 giant cockroaches
  7 goblins
  8 hobgoblins
  13 jackals
  25 kobolds
  2 quokkas
  3 ball pythons
  4 frilled lizards
  A jackal skeleton (D:3)
  A leopard gecko skeleton (D:3)
  A quokka zombie (D:9)
  10 rats
295 creatures vanquished.

Vanquished Creatures (collateral kills)
  A death knight (D:10)
1 creature vanquished.

Vanquished Creatures (others)
  A withered plant (D:3)
1 creature vanquished.

Grand Total: 297 creatures vanquished

Notes
Turn   | Place    | Note
-------+----------+-------------------------------------------
     0 | D:1      | Azzok the Demonspawn Berserker began the quest for the Orb.
     0 | D:1      | Reached XP level 1. HP: 18/18 MP: 1/1
   128 | D:1      | Reached skill level 3 in Axes
   418 | D:1      | Gained mutation: You have large cloven feet. [demonic
                  | ancestry]
   418 | D:1      | Reached XP level 2. HP: 24/24 MP: 2/2
   837 | D:1      | Reached XP level 3. HP: 26/29 MP: 3/3
   923 | D:1      | Reached ** piety under Trog
  1236 | D:2      | Reached skill level 4 in Axes
  1480 | D:2      | Gained mutation: When hurt, damage is shared between your
                  | health and your magic reserves. [demonic ancestry]
  1480 | D:2      | Reached XP level 4. HP: 29/35 MP: 4/4
  2146 | D:3      | Reached skill level 5 in Axes
  2146 | D:3      | Reached skill level 1 in Shields
  2146 | D:3      | Reached XP level 5. HP: 32/41 MP: 2/5
  2465 | D:3      | Reached *** piety under Trog
  3029 | D:4      | Noticed Grinder
  3035 | D:4      | Gained mutation: You are partially covered in large bone
                  | plates. (SH +4) [demonic ancestry]
  3035 | D:4      | Reached XP level 6. HP: 46/47 MP: 4/6
  3064 | D:4      | Killed Grinder
  3064 | D:4      | Reached skill level 6 in Axes
  3300 | D:4      | Reached XP level 7. HP: 45/52 MP: 5/7
  3800 | D:4      | Noticed Eustachio
  3816 | D:4      | Killed Eustachio
  3816 | D:4      | Reached skill level 7 in Axes
  3908 | D:5      | Entered Level 5 of the Dungeon
  4712 | D:5      | Reached XP level 8. HP: 58/58 MP: 8/8
  4810 | D:5      | Reached skill level 8 in Axes
  5402 | D:6      | Reached skill level 9 in Axes
  5631 | D:6      | Found Poguats's Antique Armour Boutique.
  5822 | D:6      | Found Durae's General Store.
  5830 | D:6      | Bought a potion of degeneration for 15 gold pieces
  5830 | D:6      | Bought a scroll of identify for 30 gold pieces
  6078 | D:6      | Found Ziuxeoci's Antique Weapon Emporium.
  6171 | D:7      | Reached **** piety under Trog
  6236 | D:7      | Found an ancient bone altar of Kikubaaqudgha.
  6448 | D:7      | Got a masterwork flail
  6449 | D:7      | Found a staircase to the Ecumenical Temple.
  6463 | D:7      | Reached skill level 10 in Axes
  6587 | D:7      | Reached XP level 9. HP: 58/63 MP: 7/9
  6614 | D:7      | Found a burning altar of Makhleb.
  7051 | D:7      | Noticed a +0 dagger
  7053 | D:7      | Noticed a +0 hand axe
  7179 | D:7      | Found a hide-covered altar of Uskayaw.
  7404 | D:8      | Reached skill level 11 in Axes
  7759 | D:8      | Noticed a cyan ugly thing
  7787 | D:8      | Killed a cyan ugly thing
  7906 | D:8      | Reached skill level 12 in Axes
  8432 | D:8      | Found a runed translucent gate.
  8433 | D:8      | Found a runed translucent gate.
  8433 | D:8      | Found a runed translucent gate.
  8433 | D:8      | Noticed psellion's ghost (novice OpDe)
  8436 | D:8      | Found a viscous altar of Jiyva.
  8739 | D:8      | Noticed a centaur warrior
  8758 | D:8      | Killed a centaur warrior
  8758 | D:8      | Reached XP level 10. HP: 18/70 MP: 4/10
  8774 | D:8      | Noticed a centaur warrior
  9428 | D:8      | Killed a centaur warrior
  9428 | D:8      | Reached skill level 13 in Axes
  9951 | D:9      | Found Loeschoro's Distillery.
 10267 | D:9      | Noticed Erolcha
 10393 | D:8      | Killed Erolcha
 10493 | D:9      | Bought a potion of might for 60 gold pieces
 10493 | D:9      | Bought 2 potions of heal wounds for 150 gold pieces
 10581 | D:9      | Reached ***** piety under Trog
 10749 | D:9      | Identified the +2 flail of Kaez {freeze, MR+ Str+8} (You
                  | found it on level 7 of the Dungeon)
 10783 | D:9      | Reached skill level 14 in Axes
 11318 | D:10     | Entered Level 10 of the Dungeon
 11318 | D:10     | Found a transporter.
 11351 | D:10     | Noticed Maggie
 11368 | D:10     | Killed Maggie
 11616 | D:10     | Noticed Josephine
 11625 | D:10     | Killed Josephine
 11625 | D:10     | Gained mutation: You regenerate magic rapidly. [demonic
                  | ancestry]
 11625 | D:10     | Reached XP level 11. HP: 75/75 MP: 8/11
 11678 | D:10     | Received a gift from Trog
 12021 | D:10     | Found a staircase to the Orcish Mines.
 12023 | D:10     | Found Xyred's Weapon Boutique.
 12135 | D:10     | Found a staircase to the Lair.
 12166 | D:10     | Noticed Harold
 12176 | D:10     | Killed Harold
 12176 | D:10     | Reached skill level 15 in Axes
 12264 | D:10     | Found a transporter.
 12281 | D:10     | Noticed kae's ghost (novice OpTm)
 12583 | D:11     | Noticed a death knight
 12584 | D:11     | Noticed a skeletal warrior
 12738 | D:10     | Killed a death knight
 13070 | Orc:1    | Entered Level 1 of the Orcish Mines
 13280 | Orc:2    | Entered Level 2 of the Orcish Mines
 13720 | Orc:2    | Found Pakelita's Weapon Shoppe.
 13720 | Orc:2    | Found Peudyohafima's Assorted Antiques.
 13720 | Orc:2    | Noticed an orc knight
 13720 | Orc:2    | Noticed an orc knight
 13754 | Orc:2    | Killed an orc knight
 13754 | Orc:2    | Reached skill level 16 in Axes
 13898 | Orc:1    | Killed an orc knight
 14266 | Orc:2    | Noticed an orc sorcerer
 14276 | Orc:2    | Slain by an ice devil

Illustrated notes

Levels and vault maps discovered:
D:1:      minmay_arrival_stone_box, layout_basic, chequers_mini_garden,
          minmay_pentomino_z2
D:2:      layout_loops_ring
D:3:      layout_loops_ring, serial_undead, serial_undead_d, serial_undead_b,
          serial_undead_e, serial_undead_d
D:4:      layout_loops_cross, uniq_eustachio, uniq_grinder
D:5:      layout_basic, serial_rivers, chequers_serial_rivers_marsh,
          chequers_serial_rivers_small_b, chequers_serial_rivers_micro_e,
          chequers_serial_rivers_small_b, chequers_serial_rivers_room_a,
          chequers_serial_rivers_small_b
D:6:      layout_loops_ring, serial_shops, kennysheep_mini, shop,
          nicolae_shop_stone
D:7:      layout_loops_corners, dancing_weapons_uskayaw,
          minmay_temple_entry_wispy, basic_altar, minmay_misc_feat_ornament,
          bloody_makhleb
D:8:      kennysheep_big_flooded_room, layout_basic, gammafunk_ghost_ooze,
          grunt_potential
D:9:      layout_loops_ring, serial_shops, shop, uniq_erolcha
D:10:     layout_small_grid, lair_entry_dummy, orc_david_3,
          gammafunk_ghost_berserking_beasts, corner_web_ring, uniq_josephine,
          uniq_harold, uniq_maggie
D:11:     layout_long_grid, tgw_fedhas
Orc:1:    layout_caves
Orc:2:    st_orc_town, layout_caves

Skill      XL: |  1  2  3  4  5  6  7  8  9 10 11 |
---------------+----------------------------------+-----
Axes           | 3 4 5 6 7 10 12 14 16 | 16.2
Shields        | 1 2 3 4 |  4.0
Fighting       | |  3.0
Armour         | |  1.7
Dodging        | |  1.7

Action                   |  1- 3 |  4- 6 |  7- 9 | 10-12 || total
-------------------------+-------+-------+-------+-------++-------
Melee: Hand axe          |   123 |   156 |       |       ||   279
       Kick              |    20 |    48 |    75 |       ||   143
       Mace              |       |    14 |   408 |   111 ||   533
       War axe           |       |       |       |   307 ||   307
       Flail             |       |       |       |     3 ||     3
Invok: Berserk           |     1 |     1 |     5 |     8 ||    15
       Trog's Hand       |       |       |     1 |     2 ||     3
       Brothers in Arms  |       |       |       |     1 ||     1
  Use: Scroll            |       |       |     9 |     1 ||    10
       Potion            |       |       |     3 |     3 ||     6
Armor: Scale mail        |    63 |    67 |       |       ||   130
       Animal skin       |     3 |       |       |       ||     3
       Chain mail        |       |       |   178 |   104 ||   282
       Skin              |       |       |    17 |       ||    17
       Plate armour      |       |       |       |    18 ||    18
Dodge: Dodged            |    76 |    70 |   130 |   114 ||   390
Block: Buckler           |       |    35 |   177 |   186 ||   398

Table legend: (Time is in decaauts)
 A = Elapsed time spent in this place.
 B = Non-inter-level travel time spent in this place.
 C = Inter-level travel time spent in this place.
 D = Time resting spent in this place.
 E = Time spent auto-exploring this place.
 F = Levels seen in this place.
 G = Mean time per level.
                   A        B        C        D        E       F      G
               +--------+--------+--------+--------+--------+-----+--------+
         Total |  14402 |  14173 |    229 |   3110 |   8747 |  13 | 1107.8 |
       Dungeon |  13240 |  13024 |    216 |   2416 |   8526 |  11 | 1203.6 |
  Orcish Mines |   1162 |   1150 |     12 |    694 |    221 |   2 |  581.0 |
               +--------+--------+--------+--------+--------+-----+--------+

Top non-repeatable levels by time:
     D:8: 2283 daAuts
     D:7: 2104 daAuts
    D:10: 1558 daAuts
     D:1: 1171 daAuts
     D:5: 1152 daAuts
     D:6: 1138 daAuts
     D:4: 951 daAuts
     D:2: 944 daAuts
     D:3: 902 daAuts
   Orc:1: 849 daAuts
     D:9: 832 daAuts
   Orc:2: 312 daAuts
    D:11: 201 daAuts
